 Dungeon Crawl Stone Soup version 0.29.0-4-gdea44cf6ec (webtiles) character file.

Game seed: 9180661184470251273

12 qw the Sneak (level 2, -1/19 HPs)
             Began as a Gargoyle Delver on Sept 10, 2022.
             Frozen to death by an endoplasm (4 damage)
             ... on level 4 of the Dungeon.
             The game lasted 00:00:06 (130 turns).

qw the Sneak (Gargoyle Delver)                       Turns: 130, Time: 00:00:07

Health: -1/19      AC:  5    Str: 15    XL:     2   Next: 33%
Magic:  2/2        EV: 11    Int: 10    God:
Gold:   4          SH:  0    Dex: 11    Spells: 1/1 levels left

rFire   . . .      SeeInvis .   a - +0 hand axe
rCold   . . .      Faith    .   (no shield)
rNeg    + . .      Spirit   .   b - +0 leather armour
rPois   inf        Reflect  .   (no helmet)
rElec   +          Harm     .   (no cloak)
rCorr   .          Rampage  .   (no gloves)
Will    .....                   (no boots)
Stlth   +++.......              (no amulet)
HPRegen 0.06/turn               (no ring)
MPRegen 0.08/turn               (no ring)

@: no status effects
A: sickness immunity, AC +2, negative energy resistance 1, electricity
resistance, torment resistance 1, petrification resistance
a: no special abilities


You were on level 4 of the Dungeon.
You visited 1 branch of the dungeon, and saw 2 of its levels.

You collected 4 gold pieces.


Innate Abilities, Weirdness & Mutations

You are immune to sickness and miasma.
Your stone body is resilient. (AC +2)
You are immune to poison.
You resist negative energy. (rN+)
You are resistant to electric shocks. (rElec)
You are resistant to unholy torment.
You are immune to petrification.


   Skills:
 - Level 3.2 Fighting
 + Level 2.6 Axes
 - Level 1.5 Dodging
 - Level 5.4 Stealth


You had one spell level left.
You didn't know any spells.
Your spell library was empty.

Inventory:

Hand Weapons
 a - a +0 hand axe (weapon)
Armour
 b - a +0 leather armour (worn)
Wands
 g - a wand of digging (3)
Potions
 f - a potion of haste

Dungeon Overview and Level Annotations

Branches:
Dungeon (5/15)
 Temple: D:4-7

Altars:
Dithmenos


Message History

You kill the endoplasm!
Your Axes skill increases to level 2!
An adder comes into view.
Found a shadowy altar of Dithmenos.
An endoplasm comes into view.
The adder hisses angrily.
The adder barely misses you.
You hit the adder but do no damage. The adder bites you but does no damage.
The adder barely misses you.
You completely miss the adder. The adder bites you but does no damage.
The adder bites you.
You miss the adder. The adder bites you.
You hit the adder.
The adder is moderately wounded.
The adder barely misses you. The adder misses you.
You closely miss the adder.
The adder is moderately wounded.
The adder misses you.
You miss the adder.
The adder is moderately wounded.
The adder bites you but does no damage. The adder bites you.
You closely miss the adder.
The adder is lightly wounded.
The adder bites you.
You hit the adder.
The adder is severely wounded.
The adder barely misses you. The adder bites you.
You hit the adder.
The adder is severely wounded.
The adder bites you. The adder barely misses you.
You hit the adder.
You kill the adder!
The endoplasm quivers.
You have reached level 2!
You hit the endoplasm.
The endoplasm is severely wounded.
The endoplasm freezes you.
You are frozen.
You die...

#.............#..#.....
#.............#..#.....
#....#####....#..+.....
#....+...#....'..#.....
#........#....#..#.....
#...#....#....#..####'#
#.....###........#........
..##.. ##..##....#........
. ##. #.@###....#..##....
#...J%# .....#..##..##
...............#..##..#.
#......... #..#...#.
##..._...## ##+##..#.
#......... ####.
.......... .. .##.....##.
.


You could see an endoplasm.

Vanquished Creatures
  An adder (D:4)
  An endoplasm (D:4)
  A kobold (D:4)
3 creatures vanquished.

Notes
Turn   | Place    | Note
-------+----------+-------------------------------------------
     0 | D:5      | qw the Gargoyle Delver began the quest for the Orb.
     0 | D:5      | Reached XP level 1. HP: 14/14 MP: 1/1
     0 | D:5      | 0 ||| qw: Version: 0.1-a-117-gfe26ee0
     0 | D:5      | 0 ||| qw: Game counter: 9790
     0 | D:5      | 0 ||| qw: Always use a shield: true
     0 | D:5      | 0 ||| qw: God list: Okawaru
     0 | D:5      | 0 ||| qw: Allow faded altars: false
     0 | D:5      | 0 ||| qw: Do Orc after D:15 true
     0 | D:5      | 0 ||| qw: Do second Lair branch before Depths: true
     0 | D:5      | 0 ||| qw: Lair rune preference: random
     0 | D:5      | 0 ||| qw: Plans: Normal
     0 | D:5      | 0 ||| PLANNING D:1-11
     0 | D:5      | 0 ||| DROPPING scroll of fog.
     1 | D:5      | 1 ||| DROPPING scroll of magic mapping.
     2 | D:5      | 2 ||| DROPPING scroll of fear.
   103 | D:4      | Found a shadowy altar of Dithmenos.
   124 | D:4      | HP: 3/14 [adder (3)]
   127 | D:4      | Reached XP level 2. HP: 3/19 MP: 2/2
   130 | D:4      | Frozen to death by an endoplasm

Levels and vault maps discovered:
D:4:      wander_river, layout_gridville, nicolae_dithmenos_shadow_blocks,
          minmay_temple_entry_glassed_door, serial_shops, shop,
          grunt_ministairs_9
D:5:      layout_rooms, item_on_display_a

Skill      XL: |  1 |
---------------+----+-----
Axes           | 2 |  2.6
Fighting       | |  3.2
Dodging        | |  1.5
Stealth        | |  5.4

Action                   || total
-------------------------++-------
Melee: Hand axe          ||    17
Armor: Leather armour    ||     6
Dodge: Dodged            ||    13

Table legend:
 A = Non-vault XP
 B = Vault XP
 C = Vault XP percentage of total XP
 D = Non-vault monster count
 E = Vault monster count
 F = Vault count percentage of total count
                 A         B        C        D         E       F
            +---------+---------+-------+---------+---------+-------
      Total |      18 |       0 |   0.0 |       3 |       0 |   0.0
            +---------+---------+-------+---------+---------+-------
        D:4 |      18 |       0 |   0.0 |       3 |       0 |   0.0
            +---------+---------+-------+---------+---------+-------
